 Dungeon Crawl Stone Soup version 0.31-a0-1098-g6898e6545c (webtiles) character file.

Game seed: 7616170355710631740

9756 kae the Jinx (level 11, -7/83 HPs)
             Began as a Demonspawn Enchanter on Nov 30, 2023.
             Was a Believer of Dithmenos.
             Mangled by a two-headed ogre
             ... wielding a +0 giant club
              (19 damage)
             ... on level 10 of the Dungeon.
             The game lasted 00:12:52 (11100 turns).

kae the Jinx (Demonspawn Enchanter)                Turns: 11100, Time: 00:12:52

Health: -7/83      AC: 12    Str:  9    XL:     11   Next: 27%
Magic:  15/15      EV: 13    Int: 18    God:    Dithmenos [**....]
Gold:   436        SH:  0    Dex: 17    Spells: 3/16 levels left

rFire   . . .        h - +2 short sword (speed)
rCold   . . .        (no shield)
rNeg    . . .        B - +0 swamp dragon scales
rPois   +            D - +0 helmet
rElec   .            (no cloak)
rCorr   .            (no gloves)
SInv    .            q - +2 pair of boots of the Narrow God {rPois Int+2}
Will    .....        g - amulet of regeneration
Stlth   ++++         Y - +4 ring of slaying
HPRegen 1.13/turn    L - ring of flight
MPRegen 0.14/turn

%: no passive effects
@: mighty, confusing by touch, flying, wreathed by umbra, studying Unarmed
Combat
A: repulsion field 2, ignite blood 1, powered by pain 1, weakness stinger 1
a: Renounce Religion, Shadow Step


You were on level 10 of the Dungeon.
You worshipped Dithmenos.
Dithmenos was pleased with you.
You visited 2 branches of the dungeon, and saw 11 of its levels.
You also visited: Ossuary.

You collected 667 gold pieces.
You spent 231 gold pieces at shops.


Innate Abilities, Weirdness & Mutations

You are surrounded by a moderate repulsion field. (EV +3)
Your demonic aura sometimes causes spilled blood to erupt in flames.
You sometimes gain a little power by taking damage.
You have a small tail.


   Skills:
 + Level 6.5 Fighting
 * Level 8.3 Short Blades
 + Level 4.4 Armour
 - Level 1.7 Dodging
 + Level 6.9 Stealth
 - Level 3.1 Spellcasting
 * Level 9.7 Hexes
 - Level 5.0 Ice Magic


You had 3 spell levels left.
You knew the following spells:

 Your Spells              Type           Power      Damage    Failure   Level
a - Ensorcelled Hibernat  Hex/Ice        58%        N/A       3%          2
b - Confusing Touch       Hex            38%        N/A       2%          3
c - Tukima's Dance        Hex            38%        N/A       2%          3
d - Dazzling Flash        Conj/Hex       40%        N/A       16%         3
e - Blink                 Tloc           4%         N/A       52%         2

Your spell library contained the following spells:

 Spells                   Type           Power      Damage    Failure   Level
 Apportation              Tloc           4%         N/A       38%         1
 Necrotise                Necr           8%         1d4       38%         1
 Summon Small Mammal      Summ           8%         N/A       38%         1
 Scorch                   Fire           4%         2d5       52%         2
 Summon Ice Beast         Ice/Summ       11%        N/A       82%         4
 Summon Mana Viper        Hex/Summ       20%        N/A       83%         5
 Yara's Violent Unravell  Hex/Tmut       10%        3d6       83%         5
 Flame Wave               Conj/Fire      2%         2d4       99%         4
 Manifold Assault         Tloc           2%         N/A       99%         4
 Passage of Golubria      Tloc           2%         N/A       99%         4
 Summon Cactus Giant      Summ           1%         N/A       100%        6
 Monstrous Menagerie      Summ           1%         N/A       100%        7

Inventory:

Hand Weapons
 a - a +1 spectral dagger
 h - a +2 short sword of speed (weapon)
   (You took it off a kobold on level 1 of the Dungeon)
 i - a +2 dagger of venom
   (You took it off an orc wizard on level 8 of the Dungeon)
 C - a +4 short sword of freezing
   (You took it off a wight on level 7 of the Dungeon)
Missiles
 d - 109 stones
 e - 18 poisoned darts
 o - 6 boomerangs
 p - 9 atropa-tipped darts
 r - 6 javelins
 E - a curare-tipped dart {=f}
Armour
 q - the +2 pair of boots of the Narrow God (worn) {rPois Int+2}
   (You found it on level 3 of the Dungeon)

   Int+2:     It affects your intelligence (+2).
   rPois:     It protects you from poison
 B - +0 swamp dragon scales (worn)
   (You took it off Maggie on level 6 of the Dungeon)
 D - a +0 helmet (worn)
   (You found it on level 7 of the Dungeon)
Jewellery
 f - a ring of protection from fire
   (You took it off an orc priest on level 9 of the Dungeon)
 g - an amulet of regeneration (around neck)
   (You found it on level 8 of the Dungeon)
 G - an amulet of guardian spirit
   (You found it on level 6 of the Dungeon)
 L - a ring of flight (right hand)
   (You found it on level 3 of the Dungeon)
 N - a ring of positive energy
   (You found it on level 2 of the Dungeon)
 Y - a +4 ring of slaying (left hand)
   (You found it on level 9 of the Dungeon)
Wands
 b - a wand of polymorph (6)
   (You took it off a centaur on level 8 of the Dungeon)
 x - a wand of mindburst (10)
   (You found it on level 6 of the Dungeon)
Scrolls
 y - a scroll of vulnerability {!r!r}
 A - 2 scrolls of identify {@r1}
Potions
 c - a potion of resistance
 j - 2 potions of degeneration {!q}
 k - 4 potions of cancellation
 l - 4 potions of curing {@q1}
 m - 2 potions of lignification {!q}
 n - 3 potions of mutation {!q}
 s - 2 potions of enlightenment
 t - 3 potions of might
 u - 2 potions of magic
 v - 3 potions of brilliance
 w - 2 potions of attraction {!q}
 z - 3 potions of heal wounds {@q2}
 F - 2 potions of haste {@q3}

Dungeon Overview and Level Annotations

Branches:
Dungeon (10/15) Zot: 26990  Temple (1/1) D:6 Zot: 5998    Lair (0/5) D:8
    Orc (0/2) D:9         Ossuary (visited)

Altars:
Ashenzari
Cheibriados
Dithmenos
Fedhas
Gozag
Hepliaklqana
Kikubaaqudgha
Makhleb
Nemelex Xobeh
Okawaru
Qazlal
Ru
Sif Muna
Trog
Uskayaw
Vehumet
Xom
Yredelemnul
Lugonu

Shops:
D:4 *   D:5 !   D:6 [   D:7 [

Annotations:
D:9 2 transporters, KineticRobot's ghost, journeyman HuMo

### #..
####.#######
#..........#
#..........#
#....O.....#
####...@......#
.......°......#
####...........
#..<.......#
#.......(..#
#.........?#
#.........?#
############


You could see a two-headed ogre.


Message History

Things that are here:
a +0 club; a +0 ring mail; an orc corpse 😎 HP[+1] MP[+2]
Your hp is fully restored (83).
Your mp is fully restored (15).
There is a large open door here.
Partly explored, unvisited transporter.
Casting: Ensorcelled Hibernation (safe; 3% risk of failure)
Confirm with . or Enter, or press ? or * to list all spells.
You can't see any susceptible monsters within range! (Use Z to cast anyway.) No target in view!
No target in view!
Partly explored, unvisited transporter.
Partly explored, unvisited transporter.
Partly explored, unvisited transporter.
Partly explored, unvisited transporter.
Okay, then.
You're wearing all the rings you can.
Remove which one? (? for menu, Esc to cancel) < or
N - a ring of positive energy; > or
L - a ring of flight You remove your ring of positive energy.
Y - a +4 ring of slaying (left hand)
Okay, then.
Okay, then.
Partly explored, unvisited transporter.
Unknown command.
Partly explored, unvisited transporter.
Partly explored, unvisited transporter.
There is a large open door here.
You see here a yak corpse.
Things that are here:
a yak corpse; a yak corpse You see here a yak corpse.
Things that are here:
a +0 flail; a +0 leather armour
There is a stone staircase leading down here.
You fly downwards.
There is a stone staircase leading up here.
A two-headed ogre is nearby!
A two-headed ogre is nearby!
Unknown command.
A two-headed ogre is nearby!
A two-headed ogre is nearby!
A two-headed ogre is nearby!
The two-headed ogre shouts in stereo!
The two-headed ogre closely misses you.
The two-headed ogre hits you with a +0 giant spiked club!! 😮 HP[-26]
You take 26 damage, and now have 57/83 hp.
MASSIVE DAMAGE!! (PAUSE)
Casting: Ensorcelled Hibernation (safe; 3% risk of failure)
Confirm with . or Enter, or press ? or * to list all spells.
Aiming: Ensorcelled Hibernation (safe; 3% risk of failure)
Press: ? - help, Shift-Dir - straight line, f - two-headed ogre
Aim: a two-headed ogre, wielding a +0 giant club and a +0 giant spiked club (umbra, chance to affect: 41%)
The two-headed ogre resists with some effort. 😮 HP[+1] MP[-2]
You lost 2 mp, and now have 13/15 mp.
Casting: Ensorcelled Hibernation (safe; 3% risk of failure)
Confirm with . or Enter, or press ? or * to list all spells.
Aiming: Ensorcelled Hibernation (safe; 3% risk of failure)
Press: ? - help, Shift-Dir - straight line, f/p - two-headed ogre
Aim: a two-headed ogre, wielding a +0 giant club and a +0 giant spiked club (umbra, chance to affect: 41%)
The two-headed ogre looks drowsy... 😮 HP[+1] MP[-2]
You lost 2 mp, and now have 11/15 mp.
Unknown command.
Casting: Ensorcelled Hibernation (safe; 3% risk of failure)
Confirm with . or Enter, or press ? or * to list all spells.
You can't see any susceptible monsters within range! (Use Z to cast anyway.)
The helpless two-headed ogre fails to defend itself.
You impale the two-headed ogre!! 😮 HP[+1] Unknown command.
You closely miss the two-headed ogre.
The two-headed ogre hits you with a +0 giant club!
You focus on the pain.
You feel very mighty all of a sudden.
The two-headed ogre hits you with a +0 giant spiked club!
* * * LOW HITPOINT WARNING * * *
😨 HP[-27]
You take 27 damage, and now have 33/83 hp.
MASSIVE DAMAGE!! (PAUSE)
Casting: Ensorcelled Hibernation (safe; 3% risk of failure)
Confirm with . or Enter, or press ? or * to list all spells.
Your hands begin to glow red.
The two-headed ogre hits you with a +0 giant club!!
* * * LOW HITPOINT WARNING * * *
You focus on the pain.
You feel your power returning.
The two-headed ogre barely misses you. 😱 HP[-22] MP[+4]
You take 22 damage, and now have 11/83 hp.
MASSIVE DAMAGE!! (PAUSE)
Your mp is fully restored (15).
You hit the two-headed ogre but do no damage. 😱 HP[+1] Unknown command.
You hit the two-headed ogre but do no damage.
You tail-slap the two-headed ogre.
The two-headed ogre hits you with a +0 giant club!!
You die...

Skill      XL: |  1  2  3  4  5  6  7  8  9 10 11 |
---------------+----------------------------------+-----
Short Blades   | 1 2 3 5 6 7 8 |  8.3
Fighting       | 1 2 3 4 5 6 |  6.5
Stealth        | 3 4 5 6 |  6.9
Ice Magic      | 1 2 3 4 5 |  5.0
Hexes          | 4 5 6 7 9 |  9.7
Spellcasting   | 3 |  3.1
Armour         | 2 4 |  4.4
Dodging        | |  1.7

Action                     |  1- 3 |  4- 6 |  7- 9 | 10-12 || total
---------------------------+-------+-------+-------+-------++-------
  Melee: Dagger            |    32 |       |       |       ||    32
         Short sword       |   112 |   203 |   393 |   458 ||  1166
         Tailslap          |       |    31 |    74 |    80 ||   185
         Punch             |       |     2 |     8 |     6 ||    16
   Cast: Ensorcelled Hiber |     2 |     8 |    40 |    71 ||   121
         Confusing Touch   |       |     5 |    18 |     6 ||    29
  Evoke: Wand              |       |       |     1 |       ||     1
    Use: Potion            |     1 |     1 |     3 |     2 ||     7
         Scroll            |       |     8 |     9 |     5 ||    22
   Stab: Sleeping          |     8 |     7 |    31 |    44 ||    90
         Invisible         |     1 |     1 |       |     4 ||     6
         Confused          |       |     4 |    21 |    10 ||    35
         Distracted        |       |       |     1 |     1 ||     2
 Armour: Robe              |    50 |    72 |   132 |       ||   254
         Swamp dragon scal |       |       |    52 |   199 ||   251
  Dodge: Dodged            |    62 |    85 |   218 |   239 ||   604

Levels and vault maps discovered:
D:1:      sevenhm_arrival_forest_fort_small_4, layout_rooms, serial_forest,
          infiniplex_forest_straight_5, infiniplex_forest_clump_C,
          infiniplex_forest_clump_tiny, infiniplex_forest_lined_2,
          infiniplex_forest_clump_small, minmay_ruptured
D:2:      layout_basic, shapermc_ecumenical_altar_acropolis
D:3:      layout_basic
D:4:      layout_loops_ring, serial_shops, nicolae_shop_tiny_waterfront,
          nicolae_ossuary_entry_giza, st_stairs_1
D:5:      layout_basic, good_gods_mini_temple, serial_shops, shop, uniq_menkaure
D:6:      layout_layer_cave, mainiacjoe_overflow_chevrons,
          mainiacjoe_overflow_six_doors_small, tgw_sif,
          makhleb_blood_cavern_becter, minmay_temple_entry_glass,
          nicolae_shop_dragon_depot, uniq_maggie
D:7:      layout_rooms, grunt_dithmenos_smoke, gammafunk_temple_overflow_statue,
          mainiacjoe_overflow_alcove_2, serial_shops, shop_fountains,
          minmay_manual_mail, uniq_prince_ribbit1
D:8:      hellmonk_destroyed_diamonds, layout_basic,
          nicolae_gozag_cash_rules_everything_around_me,
          minmay_lair_entry_grove, hellmonk_ghost_happy_afterlife, uniq_psyche,
          uniq_joseph
D:9:      layout_rooms, hiddenorc1_lemuel, gammafunk_ghost_stat_death,
          kennysheep_generic_room_15, uniq_grum
D:10:     layout_roguey, kennysheep_mini, gammafunk_ghost_hydra_chop
Temple:   corrupted_temple

Notes
Turn   | Place    | Note
-------+----------+-------------------------------------------
     0 | D:1      | kae the Demonspawn Enchanter began the quest for the Orb.
     0 | D:1      | Reached XP level 1. HP: 13/13 MP: 3/3
     0 | D:1      | magus.rc [v1.11.3]
    20 | D:1      | You add the spells Blink and Manifold Assault to your
                  | library.
    90 | D:1      | Reached skill level 1 in Short Blades
   164 | D:1      | HP: 3/14 [goblin/+0 club (4)]
   168 | D:1      | Gained mutation: Your demonic aura sometimes causes spilled
                  | blood to erupt in flames. [demonic ancestry]
   168 | D:1      | Reached XP level 2. HP: 5/20 MP: 5/5
   395 | D:1      | Gained mutation: You sometimes gain a little power by
                  | taking damage. [demonic ancestry]
   395 | D:1      | Reached XP level 3. HP: 25/25 MP: 6/6
   443 | D:1      | Reached skill level 1 in Fighting
   767 | D:1      | Learned a level 2 spell: Ensorcelled Hibernation
   953 | D:2      | Identified the +5 trident of Contention {heavy, Fragile
                  | +Blink Int+3}
  1232 | D:2      | Found a faded altar of an unknown god.
  1329 | D:2      | Learned a level 3 spell: Confusing Touch
  1707 | D:2      | Reached skill level 3 in Stealth
  1707 | D:2      | Reached XP level 4. HP: 17/32 MP: 0/7
  1777 | D:2      | HP: 7/32 [gnoll/+0 whip (6)]
  1782 | D:2      | HP: 4/32 [gnoll/+0 whip (3)]
  1907 | D:2      | Reached skill level 2 in Short Blades
  1911 | D:2      | HP: 8/32 [gnoll/+0 club (4)]
  2047 | D:3      | You add the spells Passage of Golubria and Yara's Violent
                  | Unravelling to your library.
  2104 | D:3      | Reached skill level 1 in Ice Magic
  2111 | D:3      | Gained mutation: You have a small tail. [demonic ancestry]
  2111 | D:3      | Reached XP level 5. HP: 13/37 MP: 8/8
  2312 | D:3      | Reached skill level 4 in Hexes
  2327 | D:3      | Identified the +2 pair of boots of the Narrow God {rPois
                  | Int+2}
  2740 | D:4      | Noticed an ice beast
  2769 | D:4      | Killed an ice beast
  2816 | D:4      | Reached skill level 2 in Fighting
  2816 | D:4      | Gained mutation: You are surrounded by a mild repulsion
                  | field. (EV +2) [demonic ancestry]
  2816 | D:4      | Reached XP level 6. HP: 22/44 MP: 7/10
  2866 | D:4      | Reached skill level 2 in Ice Magic
  2912 | D:4      | Found Qeicer's General Store.
  2920 | D:4      | Bought a potion of curing for 36 gold pieces
  2920 | D:4      | Bought a potion of lignification for 36 gold pieces
  2920 | D:4      | Bought a scroll of identify for 24 gold pieces
  2920 | D:4      | Bought a potion of enlightenment for 60 gold pieces
  2934 | D:4      | Found a sand-covered staircase.
  2948 | Ossuary  | Entered an ossuary
  3013 | Ossuary  | Reached skill level 3 in Short Blades
  3069 | Ossuary  | Reached skill level 3 in Spellcasting
  3069 | Ossuary  | Reached XP level 7. HP: 26/51 MP: 5/11
  3389 | Ossuary  | Reached skill level 5 in Hexes
  3466 | Ossuary  | Reached skill level 3 in Ice Magic
  3543 | D:4      | Learned a level 3 spell: Tukima's Dance
  3547 | D:4      | Learned a level 3 spell: Dazzling Flash
  4228 | D:5      | Entered Level 5 of the Dungeon
  4292 | D:5      | Reached skill level 4 in Stealth
  4330 | D:5      | Reached skill level 3 in Fighting
  4330 | D:5      | Reached XP level 8. HP: 58/58 MP: 9/12
  4363 | D:5      | Reached skill level 4 in Short Blades
  4527 | D:5      | You pick up a book of Scorching and begin reading...
  4527 | D:5      | You add the spells Scorch, Flame Wave and Summon Cactus
                  | Giant to your library.
  4650 | D:5      | Noticed Menkaure
  4704 | D:5      | Killed Menkaure
  4705 | D:5      | Reached skill level 4 in Ice Magic
  4839 | D:5      | Reached skill level 6 in Hexes
  5076 | D:5      | Found Faowott's Distillery.
  5081 | D:5      | Bought a potion of heal wounds for 75 gold pieces
  5449 | D:6      | HP: 14/60 [scorpion (3)]
  5451 | D:6      | HP: 5/60 [scorpion (4)]
  5486 | D:6      | HP: 14/60 [scorpion (3)]
  5491 | D:6      | HP: 16/90 [poisoned by a scorpion]
  5497 | D:6      | HP: 8/60 [poisoned by a scorpion]
  5667 | D:6      | Found a burning altar of Makhleb.
  5773 | D:6      | Found a shimmering blue altar of Sif Muna.
  5843 | D:6      | Noticed Maggie
  5860 | D:6      | Killed Maggie
  5861 | D:6      | Reached skill level 4 in Fighting
  5861 | D:6      | Reached skill level 5 in Short Blades
  5861 | D:6      | Gained mutation: You are surrounded by a moderate repulsion
                  | field. (EV +3) [demonic ancestry]
  5861 | D:6      | Reached XP level 9. HP: 19/65 MP: 13/13
  6039 | D:6      | Found a staircase to the Ecumenical Temple.
  6053 | Temple   | Entered the Ecumenical Temple
  6089 | D:6      | Found a hazy altar of Hepliaklqana.
  6399 | D:6      | Found a snail-covered altar of Cheibriados.
  6671 | D:6      | Found Heinrich's Dragon-Slaying Spoils.
  7001 | D:7      | Found a shadowy altar of Dithmenos.
  7011 | D:7      | Became a worshipper of Dithmenos the Shadowed
  7042 | D:7      | Reached skill level 5 in Ice Magic
  7162 | D:7      | Reached skill level 5 in Stealth
  7214 | D:7      | Found Letashri's Antique Armour Emporium.
  7240 | D:7      | Reached skill level 1 in Armour
  7240 | D:7      | Reached skill level 7 in Hexes
  7433 | D:7      | Reached skill level 6 in Short Blades
  7469 | D:7      | Noticed a two-headed ogre
  7488 | D:7      | Killed a two-headed ogre
  7489 | D:7      | Reached skill level 5 in Fighting
  7489 | D:7      | Reached skill level 2 in Armour
  7492 | D:7      | Noticed Prince Ribbit
  7496 | D:7      | HP: 11/68 [yak (10)]
  7510 | D:7      | HP: 14/68 [scorpion (1)]
  7727 | D:7      | Killed Prince Ribbit
  7728 | D:7      | Reached XP level 10. HP: 69/74 MP: 5/14
  7800 | D:7      | Found a sparkling altar of Nemelex Xobeh.
  7800 | D:7      | Found a basalt altar of Yredelemnul.
  7804 | D:7      | Reached skill level 8 in Hexes
  7817 | D:7      | Found a hide-covered altar of Uskayaw.
  8223 | D:7      | Learned a level 2 spell: Blink
  8258 | D:8      | Noticed Psyche
  8265 | D:8      | Killed Psyche
  8415 | D:8      | Noticed Dirtsage's ghost (novice DsMo)
  8419 | D:8      | Found a runed translucent door.
  8506 | D:8      | Found a staircase to the Lair.
  8520 | D:8      | Reached skill level 7 in Short Blades
  8520 | D:8      | Reached skill level 3 in Armour
  8520 | D:8      | Reached skill level 6 in Stealth
  8725 | D:8      | You pick up a book of Cantrips and begin reading...
  8725 | D:8      | You add the spells Necrotise, Summon Small Mammal and
                  | Apportation to your library.
  8740 | D:8      | Noticed Joseph
  8753 | D:8      | Killed Joseph
  8810 | D:8      | Reached * piety under Dithmenos
  8841 | D:8      | You pick up a book of Beasts and begin reading...
  8841 | D:8      | You add the spells Summon Ice Beast, Summon Mana Viper and
                  | Monstrous Menagerie to your library.
  8953 | D:8      | Found an opulent altar of Gozag.
  9075 | D:8      | Reached skill level 6 in Fighting
  9078 | D:8      | Reached skill level 9 in Hexes
  9618 | D:8      | Killed Dirtsage's ghost
  9619 | D:8      | Reached skill level 4 in Armour
  9672 | D:9      | Noticed Grum
  9782 | D:9      | Killed Grum
  9783 | D:9      | Reached XP level 11. HP: 69/81 MP: 8/15
  9809 | D:9      | Reached skill level 8 in Short Blades
  9892 | D:9      | Reached ** piety under Dithmenos
  9921 | D:9      | HP: 20/81 [orc priest/divine providence (12)]
  9928 | D:9      | HP: 10/81 [orc priest/divine providence (17)]
  9929 | D:9      | HP: 4/81 [centaur (1)]
  9934 | D:9      | HP: 20/81 [centaur/arrow (7)]
 10397 | D:9      | Found a staircase to the Orcish Mines.
 10456 | D:9      | Found a transporter.
 10474 | D:9      | Found a transporter.
 10484 | D:9      | Noticed KineticRobot's ghost (journeyman HuMo)
 11089 | D:10     | Entered Level 10 of the Dungeon
 11089 | D:10     | Noticed a two-headed ogre
 11098 | D:10     | HP: 11/83 [two-headed ogre/+0 giant club (24)]
 11100 | D:10     | Mangled by a two-headed ogre

Vanquished Creatures
  A two-headed ogre (D:7)
  The ghost of Dirtsage the Carver, a novice DsMo of Wu Jian (D:8)
  Joseph (D:8)
  Maggie (D:6)
  Psyche (D:8)
  Prince Ribbit (D:7)
  A hornet (D:9)
  5 wyverns
  10 yaks
  A basilisk (D:8)
  Grum (D:9)
  A steam dragon (D:8)
  Menkaure (D:5)
  An acid dragon (D:8)
  3 water moccasins
  3 orc warriors
  A sky beast (D:7)
  A black bear (D:4)
  2 ice beasts
  4 wolves
  5 centaurs
  2 phantoms
  4 kobold brigands
  4 bullfrogs
  4 scorpions
  A gnoll sergeant (D:9)
  5 water moccasin zombies (Ossuary)
  4 wights (D:7)
  4 killer bees
  3 howler monkeys (D:9)
  7 orc priests
  3 gnoll boudas
  4 hounds
  4 iguanas
  A sleepcap (D:7)
  7 orc wizards
  3 mummies
  19 gnolls
  6 adders
  2 ufetubi (D:5)
  4 adder zombies (Ossuary)
  3 worms
  2 dart slugs (D:1)
  43 orcs
  9 endoplasms
  5 giant cockroaches
  6 gnoll zombies (Ossuary)
  5 goblins
  5 hobgoblins
  5 jackals (D:1)
  4 quokkas
  8 ball pythons
  4 bats
  A frilled lizard (D:2)
  A goblin zombie (D:4)
  9 hobgoblin zombies
  24 kobolds
  5 kobold zombies (Ossuary)
  An orc zombie (Ossuary)
  4 rats
281 creatures vanquished.

Table legend:
 A = Non-vault XP
 B = Vault XP
 C = Vault XP percentage of total XP
 D = Non-vault monster count
 E = Vault monster count
 F = Vault count percentage of total count
                 A         B        C        D         E       F
            +---------+---------+-------+---------+---------+-------
      Total |    7624 |    6314 |  45.3 |     194 |      87 |  31.0
            +---------+---------+-------+---------+---------+-------
        D:1 |      35 |      25 |  41.7 |      19 |       6 |  24.0
        D:2 |      88 |       0 |   0.0 |      20 |       0 |   0.0
        D:3 |     103 |       0 |   0.0 |      20 |       0 |   0.0
        D:4 |     415 |     149 |  26.4 |      23 |       6 |  20.7
        D:5 |     739 |     165 |  18.3 |      18 |       1 |   5.3
        D:6 |     369 |     512 |  58.1 |      12 |       3 |  20.0
        D:7 |    2460 |     515 |  17.3 |      24 |       3 |  11.1
        D:8 |    1188 |    3848 |  76.4 |      25 |      24 |  49.0
        D:9 |    2227 |     632 |  22.1 |      33 |      13 |  28.3
    Ossuary |       0 |     468 | 100.0 |       0 |      31 | 100.0
            +---------+---------+-------+---------+---------+-------

Skill      XL: |  1  2  3  4  5  6  7  8  9 10 11 |
---------------+----------------------------------+-----
Short Blades   | 1 2 3 5 6 7 8 |  8.3
Fighting       | 1 2 3 4 5 6 |  6.5
Stealth        | 3 4 5 6 |  6.9
Ice Magic      | 1 2 3 4 5 |  5.0
Hexes          | 4 5 6 7 9 |  9.7
Spellcasting   | 3 |  3.1
Armour         | 2 4 |  4.4
Dodging        | |  1.7

Action                     |  1- 3 |  4- 6 |  7- 9 | 10-12 || total
---------------------------+-------+-------+-------+-------++-------
  Melee: Dagger            |    32 |       |       |       ||    32
         Short sword       |   112 |   203 |   393 |   458 ||  1166
         Tailslap          |       |    31 |    74 |    80 ||   185
         Punch             |       |     2 |     8 |     6 ||    16
   Cast: Ensorcelled Hiber |     2 |     8 |    40 |    71 ||   121
         Confusing Touch   |       |     5 |    18 |     6 ||    29
  Evoke: Wand              |       |       |     1 |       ||     1
    Use: Potion            |     1 |     1 |     3 |     2 ||     7
         Scroll            |       |     8 |     9 |     5 ||    22
   Stab: Sleeping          |     8 |     7 |    31 |    44 ||    90
         Invisible         |     1 |     1 |       |     4 ||     6
         Confused          |       |     4 |    21 |    10 ||    35
         Distracted        |       |       |     1 |     1 ||     2
 Armour: Robe              |    50 |    72 |   132 |       ||   254
         Swamp dragon scal |       |       |    52 |   199 ||   251
  Dodge: Dodged            |    62 |    85 |   218 |   239 ||   604

Illustrated notes

Table legend:
 A = Kills in this place as a percentage of kills in the entire game.
 B = Kills by you in this place as a percentage of kills by you in the entire game.
 C = Kills by friends in this place as a percentage of kills by friends in the entire game.
 D = Other kills in this place as a percentage of other kills in the entire game.
 E = Experience gained in this place as a percentage of experience gained in the entire game.
 F = Experience gained in this place divided by the number of levels of this place that you have seen.
                   A       B       C       D       E      F
               +-------+-------+-------+-------+-------+----------------------
         Total | 100.0 | 100.0 |   N/A | 100.0 | 100.0 | 1161.5
       Dungeon |  89.0 |  89.3 |   N/A |   0.0 |  96.6 | 1347.0
       Ossuary |  11.0 |  10.7 |   N/A | 100.0 |   3.4 | 468.0
               +-------+-------+-------+-------+-------+----------------------

Table legend: (Time is in decaauts)
 A = Elapsed time spent in this place.
 B = Non-inter-level travel time spent in this place.
 C = Inter-level travel time spent in this place.
 D = Time resting spent in this place.
 E = Time spent auto-exploring this place.
 F = Levels seen in this place.
 G = Mean time per level.
                   A        B        C        D        E       F      G
               +--------+--------+--------+--------+--------+-----+--------+
         Total |  10536 |  10153 |    383 |    797 |   7311 |  12 |  878.0 |
       Dungeon |  10025 |   9643 |    382 |    672 |   7123 |  10 | 1002.5 |
        Temple |      1 |      0 |      1 |      0 |      0 |   1 |    1.0 |
       Ossuary |    508 |    508 |      0 |    125 |    188 |   1 |  508.0 |
               +--------+--------+--------+--------+--------+-----+--------+

Top non-repeatable levels by time:
     D:6: 1685 daAuts
     D:8: 1683 daAuts
     D:7: 1190 daAuts
     D:2: 1051 daAuts
     D:5: 1027 daAuts
     D:9: 907 daAuts
     D:1: 865 daAuts
     D:4: 861 daAuts
     D:3: 744 daAuts
 Ossuary: 508 daAuts
    D:10: 8 daAuts
  Temple: 1 daAuts
